 Dungeon Crawl Stone Soup version 0.27.0-1-g7a089689b8 (webtiles) character file.

Game seed: 6243511611192788792

280 KamiKatze the Shield-Bearer (level 6, -7/39 HPs)
             Began as a Gargoyle Fighter on July 31, 2021.
             Mangled by an orc warrior (12 damage)
             ... on level 3 of the Dungeon.
             The game lasted 00:07:49 (2402 turns).

KamiKatze the Shield-Bearer (Gargoyle Fighter)      Turns: 2402, Time: 00:07:49

Health: -7/39      AC: 14    Str: 21    XL:     6   Next: 27%
Magic:  6/6        EV:  7    Int:  9    God:
Gold:   67         SH: 10    Dex:  9    Spells: 5/5 levels left

rFire    . . .     SeeInvis .   a - +4 war axe (vamp)
rCold    . . .     Faith    .   c - +0 kite shield
rNeg     + . .     Spirit   .   b - +0 scale mail
rPois    ∞         Reflect  .   q - +0 helmet
rElec    +         Harm     .   p - +1 cloak {rCorr}
rCorr    +         Rampage  .   (no gloves)
Will     .....                  (no boots)
Stlth    ..........             (no amulet)
HPRegen  0.13/turn              (no ring)
MPRegen  0.10/turn              (no ring)

@: no status effects
A: sickness immunity, AC +4, negative energy resistance 1, electricity
resistance, torment resistance 1, petrification resistance
a: no special abilities


You were on level 3 of the Dungeon.
You visited 1 branch of the dungeon, and saw 4 of its levels.

You collected 67 gold pieces.

Inventory:

Hand Weapons
 a - a +4 vampiric war axe (weapon)
 l - a +0 war axe
Missiles
 f - 46 stones (quivered)
Armour
 b - a +0 scale mail (worn)
 c - a +0 kite shield (worn)
 i - a +0 chain mail
 j - a +0 plate armour
 p - a +1 cloak of preservation (worn)
 q - a +0 helmet (worn)
Scrolls
 k - a scroll of identify {unknown}
 m - a scroll of enchant armour {unknown}
 n - 2 scrolls of amnesia {unknown}
 o - a scroll of teleportation {unknown}
 r - a scroll of blinking {unknown}
Potions
 d - a potion of flight {unknown}
 e - 2 potions of lignification {unknown}
 g - 2 potions of curing {unknown}
 h - 2 potions of degeneration {unknown}


   Skills:
 + Level 4.4 Fighting
 * Level 3.9 Axes
 - Level 3.2 Armour
 * Level 5.3 Shields


You had 5 spell levels left.
You didn't know any spells.
Your spell library contained the following spells:

 Spells                   Type           Power      Damage    Failure   Level
 Ensorcelled Hibernation  Hex/Ice        0%         N/A       99%         2
 Dazzling Flash           Conj/Hex       0%         N/A       100%        3
 Spider Form              Tmut/Pois      0%         N/A       100%        3
 Agony                    Necr           0%         N/A       100%        5
 Silence                  Hex/Air        0%         N/A       100%        5
 Shadow Creatures         Summ           N/A        N/A       100%        6


Dungeon Overview and Level Annotations

Branches:
Dungeon (4/15)
 Temple: D:4-7

Altars:
Uskayaw
Beogh


Innate Abilities, Weirdness & Mutations

You are immune to sickness and miasma.
Your stone body is resilient. (AC +4)
You are immune to poison.
You resist negative energy. (rN+)
You are resistant to electric shocks. (rElec)
You are resistant to unholy torment.
You are immune to petrification.


Message History

You kill the bat!
No target in view!
You see here a bat corpse.
You now have 67 gold pieces (gained 7).
You open the door.
There is an open door here.
Found a stone staircase leading up. 2 orcs and an orc warrior come into view.
The orc warrior shouts!
The orc shouts! x2
There are monsters nearby!
The orc hits you but does no damage. The orc warrior barely misses you.
You slash the orc!
You kill the orc!
You block the orc warrior's attack. You block the orc warrior's attack.
Things that are here:
a +0 dagger; an orc corpse You slash the orc warrior!
The orc warrior is heavily wounded.
The orc warrior barely misses you.
The orc warrior hits you with a +0 glaive.
You slash the orc warrior!
You feel better.
The orc warrior is severely wounded.
The orc warrior hits you with a +0 glaive.
Your scale mail prevents you from hitting the orc warrior.
The orc warrior is severely wounded.
The orc warrior barely misses you.
The orc warrior hits you with a +0 glaive!
You are too injured to fight recklessly!
You are too injured to fight recklessly!
You are too injured to fight recklessly!
You barely miss the orc warrior.
The orc warrior is severely wounded.
The orc warrior hits you with a +0 glaive!
* * * LOW HITPOINT WARNING * * *
You hit the orc warrior.
The orc warrior is almost dead.
You block the orc warrior's attack.
The orc warrior hits you with a +0 glaive!
You die...

########## #..@oo...#
########### #.######.#
..........# #.#
#########.# #.# #†# #.#
#.# #.# #.# #.####
########.####....#
##.....##.#.....#.#####.#


You could see an orc warrior and an orc.

Vanquished Creatures
  Sigmund (D:2)
  Crazy Yiuf (D:2)
  Robin (D:2)
  5 orcs
  5 bats
  4 endoplasms
  2 giant cockroaches
  18 goblins
  6 hobgoblins
  7 jackals
  7 kobolds
  3 quokkas (D:1)
  4 ball pythons
  3 rats
67 creatures vanquished.

Vanquished Creatures (others)
  18 plants (D:1)
18 creatures vanquished.

Grand Total: 85 creatures vanquished

Notes
Turn   | Place    | Note
-------+----------+-------------------------------------------
     0 | D:1      | KamiKatze the Gargoyle Fighter began the quest for the Orb.
     0 | D:1      | Reached XP level 1. HP: 14/14 MP: 1/1
   104 | D:1      | Reached XP level 2. HP: 14/19 MP: 2/2
   391 | D:1      | Reached XP level 3. HP: 14/23 MP: 3/3
   838 | D:2      | Reached skill level 4 in Shields
  1007 | D:2      | Noticed Sigmund
  1015 | D:2      | Killed Sigmund
  1016 | D:2      | Reached skill level 5 in Shields
  1016 | D:2      | Reached XP level 4. HP: 7/29 MP: 4/4
  1016 | D:2      | Reached XP level 5. HP: 8/33 MP: 5/5
  1032 | D:2      | You fall into a shaft and drop 2 floors!
  1274 | D:3      | Noticed a +0 dagger
  1274 | D:3      | Noticed a +0 dagger
  1279 | D:3      | Found a hide-covered altar of Uskayaw.
  1575 | D:2      | Found a runed translucent door.
  1576 | D:2      | Noticed Crazy Yiuf
  1583 | D:2      | Killed Crazy Yiuf
  1584 | D:2      | Reached XP level 6. HP: 34/39 MP: 6/6
  1700 | D:2      | Noticed Robin
  1721 | D:2      | Killed Robin
  1830 | D:2      | Found a faded altar of an unknown god.
  2394 | D:3      | Noticed an orc warrior
  2402 | D:3      | Mangled by an orc warrior

Illustrated notes

Levels and vault maps discovered:
D:1:      tarquinn_simple_flora_water_d, layout_rooms, serial_bayou_lagoon_a
D:2:      layout_loops_ring, hellmonk_ecumenical_altar_defaced_shrine,
          uniq_robin, uniq_sigmund, uniq_crazy_yiuf_cottage
D:3:      minmay_inner_zag, layout_basic, dancing_weapons_uskayaw
D:4:      layout_basic, minmay_misc_feat_nine_boxes, hex_intersection,
          minmay_misc_feat_encased

Skill      XL: |  1  2  3 |
---------------+----------+-----
Axes           | 2 3 |  3.9
Shields        | 5 |  5.3
Fighting       | 4 |  4.4
Armour         | |  3.2

Action                   |  1- 3 |  4- 6 || total
-------------------------+-------+-------++-------
Melee: War axe           |   120 |    86 ||   206
  Use: Potion            |     1 |       ||     1
Armor: Scale mail        |    55 |    43 ||    98
Dodge: Dodged            |    44 |    24 ||    68
Block: Kite shield       |    73 |    55 ||   128
